 Dungeon Crawl Stone Soup version 0.31-a0-981-geadf994542 (webtiles) character file.

Game seed: 1778724254120714408

386 Gargoyl the Chopper (level 6, -3/60 HPs)
             Began as a Gargoyle Berserker on Nov 1, 2023.
             Was a Believer of Trog.
             Splashed by a jelly's acid (5 damage)
             ... on level 4 of the Dungeon.
             The game lasted 00:03:31 (2929 turns).

Gargoyl the Chopper (Gargoyle Berserker)            Turns: 2929, Time: 00:03:32

Health: -3/60      AC: -1    Str: 20    XL:     6   Next: 78%
Magic:  6/6        EV:  8    Int: 11    God:    Trog [**....]
Gold:   100        SH:  0    Dex: 11    Spells: 5/5 levels left

rFire   . . .        a - +0 hand axe
rCold   . . .        (no shield)
rNeg    + . .        b - +0 chain mail
rPois   ∞            i - +0 helmet {Int+3}
rElec   +            (no cloak)
rCorr   .            (no gloves)
SInv    .            (no boots)
Will    .....        (no amulet) Stlth
                     (no ring)
HPRegen 0.30/turn    (no ring)
MPRegen 0.10/turn

%: no passive effects
@: berserking, corroded, very quick
A: sickness immunity, AC +4, negative energy resistance 1, electricity
resistance, torment resistance 1, petrification resistance
a: Renounce Religion, Berserk, Trog's Hand


You were on level 4 of the Dungeon.
You worshipped Trog.
Trog was pleased with you.
You visited 1 branch of the dungeon, and saw 4 of its levels.

You collected 149 gold pieces.
You spent 49 gold pieces at shops.

Inventory:

Hand Weapons
 a - a +0 hand axe (weapon)
Missiles
 f - 6 javelins (quivered)
Armour
 b - a +0 chain mail (worn)
 d - a +0 helmet
 i - a +0 helmet of intelligence (worn)
Scrolls
 l - a scroll of identify
Potions
 c - 2 potions of curing
 e - 2 potions of enlightenment
 g - 2 potions of invisibility
 h - a potion of haste
 j - 2 potions of heal wounds
 k - 3 potions of resistance {unknown}


   Skills:
 + Level 4.8 Fighting
 + Level 5.1 Axes
 + Level 3.5 Armour
 + Level 2.2 Dodging
 + Level 0.6 Stealth


You had 5 spell levels left.
You didn't know any spells.
Your spell library was empty.

Dungeon Overview and Level Annotations

Branches:
Dungeon (4/15)
 Temple: D:4-7

Altars:
Uskayaw
Zin

Shops:
D:3 [


Innate Abilities, Weirdness & Mutations

You are immune to sickness and miasma.
Your stone body is resilient. (AC +4)
You are immune to poison.
You resist negative energy. (rN+)
You are resistant to electric shocks. (rElec)
You are resistant to unholy torment.
You are immune to petrification.


Message History

You see here a black bear corpse.
Unknown command.
Unknown command.
You feel a strong urge to attack something.
You are no longer berserk.
You are exhausted.
You feel yourself slow down.
You now have 87 gold pieces (gained 10).
You feel yourself speed up.
You recover from your berserk rage.
Found a stone staircase leading up.
You now have 100 gold pieces (gained 13).
A jelly comes into view.
A jelly is nearby!
The jelly hits you but does no damage.
You hit the jelly. The acid corrodes you!
Your hands burn!
The jelly is lightly wounded.
The jelly hits you. The acid corrodes you!
You are splashed with acid!
You hit the jelly.
Your hands burn!
The jelly is moderately wounded.
The jelly hits you but does no damage.
Unknown command.
You slash the jelly!
Your hands burn!
The jelly is severely wounded.
The jelly hits you.
You are splashed with acid.
You hit the jelly but do no damage. The acid corrodes you!
Your hands burn!
The jelly is severely wounded.
The jelly barely misses you.
Unknown command.
A red film seems to cover your vision as you go berserk!
You feel yourself moving faster!
You feel mighty! The jelly hits you. The acid corrodes you!
You are splashed with acid!
* * * LOW HITPOINT WARNING * * *
You hit the jelly but do no damage.
Your hands burn!
* * * LOW HITPOINT WARNING * * *
The jelly is severely wounded.
The jelly hits you.
* * * LOW HITPOINT WARNING * * *
You are splashed with acid.
You die...

##.....#.# ##....
....#.##.####...#
#..............# #
#.#..####.#.#..##.###
#....# #............
..#..###..#.#..##.#
.###...........#.# .
#.###.####...###.####
#<# #.# ##..@J......
#.# #.# ######.####
#.###.## #.##...#
#......# ####...#
#####


You could see a jelly.

Vanquished Creatures
  A black bear (D:4)
  A scorpion (D:4)
  Terence (D:3)
  2 iguanas (D:4)
  Robin (D:4)
  7 adders (D:4)
  2 worms
  4 dart slugs
  An orc (D:4)
  2 bats
  5 endoplasms
  5 giant cockroaches
  5 goblins
  7 hobgoblins
  7 kobolds
  A quokka (D:3)
  10 ball pythons
  5 frilled lizards
  10 rats
77 creatures vanquished.

Vanquished Creatures (others)
  A goblin (D:4)
  A quokka (D:4)
2 creatures vanquished.

Grand Total: 79 creatures vanquished

Notes
Turn   | Place    | Note
-------+----------+-------------------------------------------
     0 | D:1      | Gargoyl the Gargoyle Berserker began the quest for the Orb.
     0 | D:1      | Reached XP level 1. HP: 14/14 MP: 1/1
   146 | D:1      | Reached XP level 2. HP: 14/19 MP: 2/2
   309 | D:1      | Reached skill level 3 in Axes
   983 | D:2      | Reached XP level 3. HP: 22/24 MP: 3/3
  1067 | D:2      | Gained mutation: You are weak. (Str -2) [potion of
                  | mutation]
  1067 | D:2      | Gained mutation: You have large cloven feet. [potion of
                  | mutation]
  1067 | D:2      | Lost mutation: You have large cloven feet. [potion of
                  | mutation]
  1067 | D:2      | Lost mutation: You are weak. (Str -2) [potion of mutation]
  1085 | D:2      | Found a glowing silver altar of Zin.
  1118 | D:2      | Found a faded altar of an unknown god.
  1959 | D:3      | Noticed Terence
  1971 | D:3      | Killed Terence
  1972 | D:3      | Reached XP level 4. HP: 29/29 MP: 4/4
  2003 | D:3      | Found Niwag's Armour Boutique.
  2007 | D:3      | Bought a +0 chain mail for 49 gold pieces
  2189 | D:3      | Found a hide-covered altar of Uskayaw.
  2528 | D:4      | Reached ** piety under Trog
  2557 | D:4      | Noticed a scorpion
  2572 | D:4      | Killed a scorpion
  2573 | D:4      | Reached skill level 4 in Axes
  2573 | D:4      | Reached XP level 5. HP: 33/33 MP: 5/5
  2663 | D:4      | Noticed Robin
  2672 | D:4      | Reached XP level 6. HP: 25/39 MP: 6/6
  2699 | D:4      | Killed Robin
  2768 | D:4      | Noticed a black bear
  2778 | D:4      | Killed a black bear
  2779 | D:4      | Reached skill level 5 in Axes
  2929 | D:4      | HP: 2/60 [jelly (3)]
  2929 | D:4      | Splashed by a jelly's acid

Illustrated notes

Levels and vault maps discovered:
D:1:      saegor_arrival_simple_b, layout_basic
D:2:      layout_basic, chequers_ecumenical_altar_simple_redux, basic_altar
D:3:      layout_basic, mainiacjoe_overflow_concentric_impassable, serial_shops,
          shop, uniq_terence
D:4:      layout_loops_ring, elyvilon_altar_4, minmay_temple_entry_glassed_door,
          minmay_fractal_squares_5, uniq_robin

Skill      XL: |  1  2  3  4  5  6 |
---------------+-------------------+-----
Axes           | 3 4 5 |  5.1
Fighting       | 4 |  4.8
Dodging        | 2 |  2.2
Armour         | 3 |  3.5
Stealth        | |  0.6

Action                     |  1- 3 |  4- 6 || total
---------------------------+-------+-------++-------
  Melee: Hand axe          |   118 |   147 ||   265
         Punch             |     2 |       ||     2
 Invoke: Berserk           |     2 |     3 ||     5
         Trog's Hand       |       |     1 ||     1
    Use: Scroll            |     9 |     1 ||    10
         Potion            |     1 |       ||     1
 Armour: Animal skin       |    47 |       ||    47
         Ring mail         |    16 |       ||    16
         Chain mail        |       |   136 ||   136
  Dodge: Dodged            |    73 |    61 ||   134

Table legend: (Time is in decaauts)
 A = Elapsed time spent in this place.
 B = Non-inter-level travel time spent in this place.
 C = Inter-level travel time spent in this place.
 D = Time resting spent in this place.
 E = Time spent auto-exploring this place.
 F = Levels seen in this place.
 G = Mean time per level.
                   A        B        C        D        E       F      G
               +--------+--------+--------+--------+--------+-----+--------+
         Total |   2998 |   2964 |     34 |    159 |   2049 |   4 |  749.5 |
       Dungeon |   2998 |   2964 |     34 |    159 |   2049 |   4 |  749.5 |
               +--------+--------+--------+--------+--------+-----+--------+

Top non-repeatable levels by time:
     D:2: 983 daAuts
     D:1: 900 daAuts
     D:3: 680 daAuts
     D:4: 434 daAuts
